 Dungeon Crawl Stone Soup version 0.30-a0-305-g026cb31310 (webtiles) character file.

Game seed: 7921067624285420678

764 Sobieck the Ruffian (level 7, -3/60 HPs)
             Began as a Ghoul Warper on Oct 23, 2022.
             Was a Follower of Cheibriados.
             Slain by an iguana (12 damage)
             ... on level 4 of the Dungeon.
             The game lasted 00:12:48 (5782 turns).

Sobieck the Ruffian (Ghoul Warper)                  Turns: 5782, Time: 00:12:49

Health: -3/60      AC:  0    Str: 18    XL:     7   Next: 81%
Magic:  9/9        EV: 12    Int: 13    God:    Cheibriados [*.....]
Gold:   82         SH:  0    Dex: 17    Spells: 2/10 levels left

rFire   . . .      SeeInvis +      - Unarmed
rCold   + . .      Faith    .    (no shield)
rNeg    + + +      Spirit   .    a - +0 leather armour
rPois   ∞          Reflect  .    (no helmet)
rElec   .          Harm     .    (no cloak)
rCorr   .          Rampage  .    (no gloves)
Will    .....                    (no boots)
Stlth   +.........               (no amulet)
HPRegen 0.00/turn                B - +6 ring of dexterity
MPRegen 0.11/turn                P - ring of see invisible

@: corroded, inhibited regen, very slow
A: claws 1, cold resistance 1, negative energy resistance 3, inhibited
regeneration, torment resistance 2, devour on kill
a: Renounce Religion, Bend Time


You were on level 4 of the Dungeon.
You worshipped Cheibriados.
Cheibriados was aware of your devotion.
You visited 2 branches of the dungeon, and saw 7 of its levels.

You collected 300 gold pieces.
You spent 218 gold pieces at shops.


Innate Abilities, Weirdness & Mutations

You are immune to poison.
You have sharp fingernails.
Your flesh is cold resistant. (rC+)
You are immune to negative energy. (rN+++)
You do not regenerate when monsters are visible.
You are immune to unholy pain and torment.
You thrive by killing the living.


   Skills:
 + Level 4.5 Fighting
 - Level 0.8 Throwing
 + Level 1.8 Armour
 + Level 2.5 Dodging
 - Level 7.0 Unarmed Combat
 + Level 2.3 Spellcasting
 + Level 3.2 Translocations
 + Level 1.8 Invocations


You had 2 spell levels left.
You knew the following spells:

 Your Spells              Type           Power      Damage    Failure   Level
a - Blink                 Tloc           18%        N/A       12%         2
b - Lesser Beckoning      Tloc           18%        N/A       22%         3
c - Teleport Other        Tloc           9%         N/A       22%         3

Your spell library contained the following spells:

 Spells                   Type           Power      Damage    Failure   Level
 Ensorcelled Hibernation  Hex/Ice        2%         N/A       41%         2
 Passwall                 Tmut/Erth      0%         N/A       41%         2
 Vhi's Electric Charge    Tloc/Air       10%        N/A       41%         3
 Manifold Assault         Tloc           9%         N/A       58%         4
 Swiftness                Air            1%         N/A       65%         3

Inventory:

Hand Weapons
 b - a +1 arbalest {crossbow}
   (You found it on level 5 of the Dungeon)
 f - a +1 dagger of freezing {short}
   (You took it off a kobold on level 1 of the Dungeon)
 g - a +0 dagger {short}
   (You took it off a kobold on level 1 of the Dungeon)
 h - a +0 short sword {short}
   (You took it off a kobold on level 1 of the Dungeon)
 H - a +0 sling
   (You took it off a goblin on level 3 of the Dungeon)
Missiles
 c - 7 boomerangs of dispersal {=f!fthrowing}
 w - 22 stones {throwing}
 C - 5 poisoned darts {throwing}
 D - 2 boomerangs (quivered) {throwing}
Armour
 a - a +0 leather armour (worn)
 d - a +0 robe
   (You took it off an orc wizard on level 3 of the Dungeon)
 i - a +0 leather armour
   (You found it on level 1 of the Dungeon)
 j - a +0 leather armour
   (You found it on level 1 of the Dungeon)
 k - a +0 robe
   (You found it on level 1 of the Dungeon)
 l - a +0 robe
   (You took it off Sigmund on level 4 of the Dungeon)
 p - a +0 ring mail
   (You found it on level 2 of the Dungeon)
 y - a +0 scale mail
   (You found it on level 3 of the Dungeon)
 A - a +0 scale mail
   (You found it on level 3 of the Dungeon)
 F - a +0 leather armour
   (You took it off an orc on level 5 of the Dungeon)
 G - a +0 robe
   (You took it off an orc wizard on level 5 of the Dungeon)
 I - a +0 scale mail
   (You took it off a goblin on level 4 of the Dungeon)
 L - a +0 leather armour
   (You took it off an orc on level 4 of the Dungeon)
 M - a +0 leather armour
   (You took it off an orc on level 4 of the Dungeon)
 N - a +0 robe
   (You took it off an orc wizard on level 4 of the Dungeon)
Magical Staves
 q - a staff of earth {!astaff}
   (You found it on level 2 of the Dungeon)
Jewellery
 m - an amulet of faith {!P}
   (You found it on level 2 of the Dungeon)
 B - a +6 ring of dexterity (left claw)
   (You found it on level 6 of the Dungeon)
 P - a ring of see invisible (right claw)
   (You bought it in a shop on level 2 of the Dungeon)
Wands
 J - a wand of flame (14)
   (You took it off a goblin on level 4 of the Dungeon)
Scrolls
 e - 4 scrolls of teleportation {@r4}
 n - 2 scrolls of blinking {!r}
 s - a scroll of amnesia
 t - 2 scrolls of fear
 v - a scroll of noise {unknown}
 E - a scroll of poison {unknown}
 O - a scroll of identify {@r1}
Potions
 o - 2 potions of ambrosia
 r - 2 potions of mutation {unknown}
 u - 2 potions of curing {@q1}
 x - a potion of brilliance
 z - a potion of cancellation {unknown}
 K - a potion of flight {unknown}

Dungeon Overview and Level Annotations

Branches:
Dungeon (6/15) Zot: 38375  Temple (1/1) D:4 Zot: 8900

Altars:
Ashenzari
Cheibriados
Fedhas
Gozag
Hepliaklqana
Kikubaaqudgha
Makhleb
Nemelex Xobeh
Okawaru
Qazlal
Ru
Trog
Uskayaw
Vehumet

Shops:
D:2

=(*( #........### #...#####...#
## ##..........###...........#
##.
#.........................#####..
#...........................##...
#...........................##..#
#......................)........#
##........####.............###...
##...........#..J)........## ####
#..#...######.#.@l......### #
######## ####5....#### #######


You could see an iguana, a jelly and an ufetubus.


Message History

Where to? (Enter - D:2 @ (x,y), ? - help)
There is an open door here.
There is a stone staircase leading up here.
There is a stone staircase leading down here.
You climb downwards.
There is a stone staircase leading up here.
Done exploring.
(D) Dungeon (T) Temple
Where to? (Enter - D:3, ? - help)
You see here a +0 dagger {short}.
There is a stone staircase leading down here.
You climb downwards.
There is a stone staircase leading up here.
You open the door.
There is an open door here.
You see here a +0 whip {mace}.
Things that are here:
a +0 trident {polearm}; a +0 club {mace}
b - a +1 arbalest (weapon)
{crossbow} Done exploring.
Done exploring.
(D) Dungeon (T) Temple
Where to? (Enter - D:4, ? - help)
There is a stone staircase leading down here.
You climb downwards.
Found a pair of gloves, 27 gold pieces, a chain mail and a red potion.
Found a stone staircase leading up.
There is a stone staircase leading up here.
There are monsters nearby!
Danger!
Unknown command.
Unknown command.
Unknown command.
You shoot a bolt. The bolt hits the ogre!!
The iguana hisses angrily.
The adder hisses angrily.
You hear a shout!
An ufetubus comes into view.
The adder bites you. The ogre closely misses you. The adder barely misses you.
You climb upwards.
There is a stone staircase leading down here.
Unknown command.
You are now empty-clawed.
Unknown command.
You scratch the ogre. The adder closely misses you.
The ogre hits you with a +0 giant club!!
You scratch the ogre. The adder closely misses you. The adder bites you.
The ogre closely misses you.
You claw the ogre!
You kill the ogre!
Cheibriados thoroughly appreciates the change of pace.
You feel better. The adder closely misses you.
You closely miss the adder. The adder bites you but does no damage.
You miss the adder. The adder bites you.
You closely miss the adder. The adder bites you.
You scratch the adder. The adder bites you but does no damage.
You scratch the adder. The adder bites you but does no damage.
You barely miss the adder. The adder bites you but does no damage.
You miss the adder. The adder closely misses you.
You closely miss the adder. The adder closely misses you. x2
You scratch the adder. You claw the adder, but do no damage.
The adder bites you.
You claw the adder!
You kill the adder!
Cheibriados thoroughly appreciates the change of pace.
You feel better.
Unknown command.
You start resting.
Unknown command.
Unknown command.
You climb downwards.
The ufetubus hits you. The ufetubus closely misses you. The iguana bites you.
The jelly barely misses you. The ufetubus barely misses you.
The ufetubus hits you. The iguana barely misses you. The jelly hits you.
The acid corrodes you!
You are splashed with acid!
The ufetubus hits you. The ufetubus barely misses you.
There is a stone staircase leading up here.
Danger!
Unknown command.
The ufetubus misses you. The ufetubus hits you. The iguana barely misses you.
The jelly barely misses you.
You climb upwards.
There is a stone staircase leading down here.
Unknown command.
Unknown command.
Unknown command.
You scratch the jelly.
Your claws burn!
The ufetubus barely misses you. The ufetubus closely misses you.
The iguana bites you.
* * * LOW HITPOINT WARNING * * *
The jelly hits you.
* * * LOW HITPOINT WARNING * * *
You are splashed with acid!
* * * LOW HITPOINT WARNING * * *
Unknown command.
You scratch the jelly.
Your claws burn!
* * * LOW HITPOINT WARNING * * *
The ufetubus hits you.
* * * LOW HITPOINT WARNING * * *
The ufetubus hits you.
* * * LOW HITPOINT WARNING * * *
The iguana bites you!
You die...

Skill      XL: |  1  2  3  4  5  6  7 |
---------------+----------------------+-----
Unarmed Combat | 3 4 5 7 |  7.0
Fighting       | 3 4 |  4.5
Armour         | 1 |  1.8
Dodging        | 2 |  2.5
Spellcasting   | 2 |  2.3
Translocations | 3 |  3.2
Invocations    | 1 |  1.8
Throwing       | |  0.8

Action                   |  1- 3 |  4- 6 |  7- 9 || total
-------------------------+-------+-------+-------++-------
Melee: Unarmed           |   113 |   187 |    25 ||   325
       Punch             |     2 |     7 |     1 ||    10
 Fire: Sling             |       |    22 |       ||    22
       Arbalest          |       |    23 |     4 ||    27
Throw: Stone             |    15 |    14 |       ||    29
       Boomerang         |       |    18 |       ||    18
  Use: Potion            |       |     2 |     2 ||     4
       Scroll            |       |    10 |       ||    10
Armor: Leather armour    |    29 |    47 |     4 ||    80
Dodge: Dodged            |    56 |   141 |    21 ||   218

Levels and vault maps discovered:
D:1:      lightli_arrival_statue_moat, layout_loops_ring,
          ebering_dispersal_statue_hall, minmay_lizard_pond
D:2:      layout_basic, serial_shops, shop, shop_coins, nicolae_shop_stone, shop
D:3:      layout_basic, minmay_cut_off
D:4:      layout_cave_pods, minitemple, lemuel_temple_firewalk_a, serial_glass,
          glass_columns_a, glass_columns_b, corexii_corridor_pit, uniq_sigmund
D:5:      layout_rooms, nicolae_tso_besieged_by_evil,
          chequers_temple_overflow_minitemple
D:6:      layout_basic, serial_rivers, chequers_serial_rivers_small_a,
          chequers_serial_rivers_micro_e, chequers_serial_rivers_small_a,
          chequers_serial_rivers_room_a, uniq_menkaure
Temple:   kb_temple_of_zot

Notes
Turn   | Place    | Note
-------+----------+-------------------------------------------
     0 | D:1      | Sobieck the Ghoul Warper began the quest for the Orb.
     0 | D:1      | Reached XP level 1. HP: 17/17 MP: 2/2
   149 | D:1      | Reached XP level 2. HP: 16/25 MP: 3/3
   328 | D:1      | Reached skill level 3 in Unarmed Combat
   538 | D:1      | Reached XP level 3. HP: 23/30 MP: 4/4
  1010 | D:2      | Reached skill level 3 in Fighting
  1068 | D:2      | Found Minululex's Assorted Antiques.
  1078 | D:2      | Bought 2 emerald potions for 32 gold pieces
  1080 | D:2      | You pick up a book of Burglary and begin reading...
  1080 | D:2      | You add the spells Passwall, Ensorcelled Hibernation and
                  | Swiftness to your library.
  1249 | D:2      | Reached skill level 4 in Unarmed Combat
  1249 | D:2      | Reached XP level 4. HP: 27/38 MP: 5/5
  1298 | D:2      | Found Doucopso's Antique Weapon Shop.
  1392 | D:2      | Found Wudoedwukhli's Jewellery Shoppe.
  2119 | D:2      | Found Mararr's Weapon Boutique.
  2313 | D:2      | Bought a scroll labelled ELYUPN FEOXT for 18 gold pieces
  2313 | D:2      | Bought a scroll labelled TUCLUCAMEK for 18 gold pieces
  2829 | D:3      | HP: 8/38 [orc/+0 trident (3)]
  2831 | D:3      | HP: 1/38 [something (4)]
  2838 | D:3      | HP: 9/38 [orc/+0 trident (5)]
  2844 | D:3      | Reached XP level 5. HP: 28/46 MP: 6/6
  3523 | D:4      | Found a staircase to the Ecumenical Temple.
  3532 | Temple   | Entered the Ecumenical Temple
  3574 | Temple   | Became a worshipper of Cheibriados the Contemplative
  3750 | D:4      | Found a broken altar of Ashenzari.
  3754 | D:4      | Found an iron altar of Okawaru.
  3754 | D:4      | Found a sacrificial altar of Ru.
  3754 | D:4      | Found an opulent altar of Gozag.
  3759 | D:4      | Found a blossoming altar of Fedhas.
  3762 | D:4      | Found a bloodstained altar of Trog.
  3831 | D:4      | Reached skill level 5 in Unarmed Combat
  3996 | D:4      | You fall into a shaft and drop 2 floors!
  4087 | D:5      | Entered Level 5 of the Dungeon
  4113 | D:5      | Reached skill level 4 in Fighting
  4130 | D:5      | Noticed a centaur
  4225 | D:5      | Reached XP level 6. HP: 37/52 MP: 7/7
  4243 | D:5      | Reached skill level 6 in Unarmed Combat
  4246 | D:5      | HP: 12/52 [orc/+0 club (3)]
  4426 | D:5      | Reached * piety under Cheibriados
  4999 | D:4      | Reached skill level 7 in Unarmed Combat
  5118 | D:4      | Reached skill level 1 in Armour
  5118 | D:4      | Reached skill level 2 in Dodging
  5118 | D:4      | Reached XP level 7. HP: 34/59 MP: 8/8
  5121 | D:4      | Reached skill level 2 in Spellcasting
  5125 | D:4      | Learned a level 2 spell: Blink
  5129 | D:4      | Learned a level 3 spell: Lesser Beckoning
  5133 | D:4      | Learned a level 3 spell: Teleport Other
  5228 | D:4      | Noticed Sigmund
  5242 | D:4      | Killed Sigmund
  5243 | D:4      | Reached skill level 3 in Translocations
  5243 | D:4      | Reached skill level 1 in Invocations
  5351 | D:2      | Bought a ring of see invisible for 150 gold pieces
  5782 | D:4      | HP: 14/60 [acid (2)]
  5782 | D:4      | Slain by an iguana

Vanquished Creatures
  Sigmund (D:4)
  2 ogres (D:4)
  A quasit (D:5)
  A jelly (D:4)
  An orc priest (D:5)
  2 iguanas (D:4)
  3 orc wizards
  7 adders
  3 ufetubi
  2 worms
  3 dart slugs
  11 orcs
  8 endoplasms
  3 giant cockroaches
  6 goblins
  6 hobgoblins
  3 jackals (D:2)
  9 kobolds
  3 quokkas
  5 ball pythons
  7 bats
  8 frilled lizards
  2 goblin skeletons (D:5)
  A goblin zombie (D:5)
  2 hobgoblin zombies (D:5)
  A kobold skeleton (D:5)
  3 kobold zombies (D:5)
  2 orc skeletons (D:5)
  An orc zombie (D:5)
  6 rats
113 creatures vanquished.

Table legend:
 A = Non-vault XP
 B = Vault XP
 C = Vault XP percentage of total XP
 D = Non-vault monster count
 E = Vault monster count
 F = Vault count percentage of total count
                 A         B        C        D         E       F
            +---------+---------+-------+---------+---------+-------
      Total |     787 |     305 |  27.9 |      92 |      21 |  18.6
            +---------+---------+-------+---------+---------+-------
        D:1 |      37 |       5 |  11.9 |      21 |       5 |  19.2
        D:2 |      63 |       0 |   0.0 |      20 |       0 |   0.0
        D:3 |      94 |       4 |   4.1 |      20 |       2 |   9.1
        D:4 |     484 |     239 |  33.1 |      23 |       1 |   4.2
        D:5 |     109 |      57 |  34.3 |       8 |      13 |  61.9
            +---------+---------+-------+---------+---------+-------

Illustrated notes

Table legend:
 A = Kills in this place as a percentage of kills in entire the game.
 B = Kills by you in this place as a percentage of kills by you in the entire game.
 C = Kills by friends in this place as a percentage of kills by friends in the entire game.
 D = Other kills in this place as a percentage of other kills in the entire game.
 E = Experience gained in this place as a percentage of experience gained in the entire game.
 F = Experience gained in this place divided by the number of levels of this place that you have seen.
                   A       B       C       D       E      F
               +-------+-------+-------+-------+-------+----------------------
         Total | 100.0 | 100.0 |   N/A |   N/A | 100.0 | 156.0
       Dungeon | 100.0 | 100.0 |   N/A |   N/A | 100.0 | 182.0
               +-------+-------+-------+-------+-------+----------------------

Table legend: (Time is in decaauts)
 A = Elapsed time spent in this place.
 B = Non-inter-level travel time spent in this place.
 C = Inter-level travel time spent in this place.
 D = Time resting spent in this place.
 E = Time spent auto-exploring this place.
 F = Levels seen in this place.
 G = Mean time per level.
                   A        B        C        D        E       F      G
               +--------+--------+--------+--------+--------+-----+--------+
         Total |   6288 |   5463 |    825 |    737 |   3501 |   7 |  898.3 |
       Dungeon |   6210 |   5420 |    790 |    737 |   3467 |   6 | 1035.0 |
        Temple |     78 |     43 |     35 |      0 |     34 |   1 |   78.0 |
               +--------+--------+--------+--------+--------+-----+--------+

Top non-repeatable levels by time:
     D:2: 1668 daAuts
     D:4: 1597 daAuts
     D:3: 1385 daAuts
     D:1: 837 daAuts
     D:5: 604 daAuts
     D:6: 117 daAuts
  Temple: 78 daAuts
